 Dungeon Crawl Stone Soup version 0.31-a0-524-g2a164cf6a2 (webtiles) character file.

Game seed: 10107216751692373342

429 AdnanSaban the Cudgeller (level 6, 0/39 HPs)
             Began as a Gargoyle Fighter on Aug 12, 2023.
             Slain by Duvessa
             ... wielding a +0 short sword
              (3 damage)
             ... on level 4 of the Dungeon.
             The game lasted 00:03:54 (2948 turns).

AdnanSaban the Cudgeller (Gargoyle Fighter)         Turns: 2948, Time: 00:03:55

Health: 0/39       AC: 19    Str: 22    XL:     6   Next: 98%
Magic:  6/6        EV:  6    Int:  8    God:
Gold:   125        SH:  4    Dex:  9    Spells: 5/5 levels left

rFire   . . .        a - +0 flail
rCold   . . .        c - +0 buckler
rNeg    + . .        n - +0 plate armour
rPois   ∞            g - +0 helmet
rElec   +            m - +0 cloak
rCorr   .            j - +0 pair of gloves
SInv    .            (no boots)
Will    +....        (no amulet) Stlth
                     f - ring of willpower
HPRegen 0.26/turn    (no ring)
MPRegen 0.10/turn

%: no passive effects
@: no status effects
A: sickness immunity, AC +4, negative energy resistance 1, electricity
resistance, torment resistance 1, petrification resistance
a: no special abilities


You were on level 4 of the Dungeon.
You visited 1 branch of the dungeon, and saw 4 of its levels.

You collected 125 gold pieces.

Inventory:

Hand Weapons
 a - a +0 flail (weapon)
Missiles
 v - 5 poisoned darts (quivered)
Armour
 c - a +0 buckler (worn)
 g - a +0 helmet (worn)
 j - a +0 pair of gloves (worn)
 m - a +0 cloak (worn)
 n - a +0 plate armour (worn)
Jewellery
 b - a ring of fire
 f - a ring of willpower (left hand)
Wands
 h - a wand of flame (8)
Scrolls
 e - a scroll of amnesia {unknown}
 i - 9 scrolls of identify {unknown}
 l - 2 scrolls of fog {unknown}
 o - 2 scrolls of teleportation {unknown}
 r - a scroll of immolation {unknown}
 s - a scroll of poison {unknown}
 t - a scroll of silence {unknown}
 w - a scroll of noise {unknown}
 x - a scroll of blinking {unknown}
Potions
 d - 2 potions of might
 k - 4 potions of curing {unknown}
 p - a potion of invisibility {unknown}
 q - a potion of lignification {unknown}
 u - a potion of berserk rage {unknown}


   Skills:
 + Level 4.5 Fighting
 + Level 5.0 Maces & Flails
 + Level 4.3 Armour
 + Level 0.7 Dodging
 + Level 0.1 Stealth
 + Level 4.7 Shields


You had 5 spell levels left.
You didn't know any spells.
Your spell library contained the following spells:

 Spells                   Type           Power      Damage    Failure   Level
 Animate Dead             Necr           0%         N/A       100%        4
 Borgnjor's Vile Clutch   Necr/Erth      0%         N/A       100%        5
 Death Channel            Necr           0%         N/A       100%        6


Dungeon Overview and Level Annotations

Branches:
Dungeon (4/15)
 Temple: D:4-7

Altars:
Dithmenos
Kikubaaqudgha
Uskayaw
Yredelemnul

Shops:
D:1 :   D:2 ?   D:3 :

Annotations:
D:4 Duvessa


Innate Abilities, Weirdness & Mutations

You are immune to sickness and miasma.
Your stone body is resilient. (AC +4)
You are immune to poison.
You resist negative energy. (rN+)
You are resistant to electric shocks. (rElec)
You are resistant to unholy torment.
You are immune to petrification.


Message History

You are too injured to fight recklessly!
You are too injured to fight recklessly!
You are too injured to fight recklessly!
You are too injured to fight recklessly!
You are too injured to fight recklessly!
You are too injured to fight recklessly!
You are too injured to fight recklessly!
You are too injured to fight recklessly!
You are too injured to fight recklessly!
You are too injured to fight recklessly!
You are too injured to fight recklessly!
You completely miss Duvessa.
Duvessa is heavily wounded.
Duvessa hits you with a +0 short sword.
The giant cockroach bites you but does no damage.
Duvessa hits you but does no damage.
You hit Duvessa.
Duvessa is heavily wounded.
The giant cockroach barely misses you. Duvessa hits you but does no damage.
Unknown command.
You completely miss Duvessa.
Duvessa is heavily wounded.
Duvessa hits you with a +0 short sword.
* * * LOW HITPOINT WARNING * * *
You block the giant cockroach's attack. Duvessa hits you but does no damage.
The giant cockroach bites you but does no damage.
Unknown command.
You barely miss Duvessa.
Duvessa is heavily wounded.
Duvessa hits you with a +0 short sword.
* * * LOW HITPOINT WARNING * * *
You block the giant cockroach's attack. Duvessa hits you but does no damage.
Unknown command.
You sock Duvessa!
Duvessa is severely wounded.
Duvessa barely misses you. You block the giant cockroach's attack.
A hobgoblin comes into view.
The giant cockroach bites you but does no damage.
Duvessa hits you with a +0 short sword.
You die...

# #######..# ######
#........# ..
.........#####..#
...# ##### #..#
#...# # #..# #...#
# #..# #...# #
#####..#####...#
#.......B......##.#
#.###..@e.....(..#
..
.......####..♣..##
##.# #.#....# #..♣
.#.# #.##.# #.[♣
.#.### ... #.# #e.♣
..?.. ###. #.#
#.!..# .#.## #.#
........# <...# #g
#.##._...# .e#.#
#.. #.....#


You could see Duvessa (berserk), a giant cockroach and a hobgoblin.

Vanquished Creatures
  A phantom (D:4)
  Dowan (D:4)
  Jessica (D:2)
  Terence (D:1)
  Natasha (D:2)
  2 orc wizards
  Robin (D:1)
  4 gnolls
  5 adders
  A worm (D:2)
  2 dart slugs
  2 orcs (D:2)
  5 bats
  6 endoplasms
  A giant cockroach (D:3)
  3 hobgoblins
  9 jackals
  6 kobolds
  A quokka (D:1)
  12 ball pythons
  3 frilled lizards (D:2)
  17 goblins
  6 rats
91 creatures vanquished.

Notes
Turn   | Place    | Note
-------+----------+-------------------------------------------
     0 | D:1      | AdnanSaban the Gargoyle Fighter began the quest for the
                  | Orb.
     0 | D:1      | Reached XP level 1. HP: 14/14 MP: 1/1
   112 | D:1      | Reached XP level 2. HP: 19/19 MP: 2/2
   131 | D:1      | Found Woekuacw's Book Shoppe.
   783 | D:2      | Noticed Robin
   792 | D:1      | Killed Robin
   793 | D:1      | Reached XP level 3. HP: 2/24 MP: 3/3
   802 | D:1      | HP: 1/24 [goblin/+0 club[Robin] (4)]
   902 | D:2      | Noticed Terence
   955 | D:1      | Killed Terence
   956 | D:1      | Reached XP level 4. HP: 7/29 MP: 4/4
  1048 | D:2      | Reached skill level 3 in Maces & Flails
  1127 | D:2      | Found Tyinoip's Magic Scroll Emporium.
  1319 | D:2      | Noticed Jessica
  1323 | D:2      | Killed Jessica
  1387 | D:2      | Reached XP level 5. HP: 33/33 MP: 5/5
  1555 | D:2      | Noticed Natasha
  1566 | D:2      | Killed Natasha
  1664 | D:2      | Found a hide-covered altar of Uskayaw.
  1957 | D:3      | Found Plog's Book Shop.
  2105 | D:3      | Found a faded altar of an unknown god.
  2196 | D:3      | Found a shadowy altar of Dithmenos.
  2203 | D:3      | Reached XP level 6. HP: 39/39 MP: 6/6
  2244 | D:3      | Reached skill level 4 in Maces & Flails
  2567 | D:4      | Noticed Dowan
  2750 | D:4      | Killed Dowan
  2799 | D:4      | Noticed Duvessa
  2824 | D:4      | Found an ancient bone altar of Kikubaaqudgha.
  2875 | D:4      | Reached skill level 5 in Maces & Flails
  2925 | D:4      | Found a basalt altar of Yredelemnul.
  2948 | D:4      | Slain by Duvessa

Illustrated notes

Levels and vault maps discovered:
D:1:      minmay_arrival_four_loops, layout_loops_ring, serial_shops,
          nicolae_diamond_shop
D:2:      layout_loops_ring, basic_altar, serial_shops, nicolae_shop_waterfront,
          uniq_jessica, uniq_robin, uniq_terence, uniq_natasha
D:3:      layout_rooms, overflow_temple_1_default, basic_ecumenical_altar,
          serial_shops, nicolae_shop_advertising_works
          [nicolae_subvault_shop_adworks], minmay_snake_closets
D:4:      layout_loops_ring, old_standard_altar, mainiacjoe_overflow_boulevard,
          ebering_ghost_sewer_d, uniq_duvessa

Skill      XL: |  1  2  3  4  5  6 |
---------------+-------------------+-----
Maces & Flails | 3 5 |  5.0
Shields        | 4 |  4.7
Fighting       | 4 |  4.5
Armour         | 4 |  4.3
Dodging        | |  0.7
Stealth        | |  0.1

Action                     |  1- 3 |  4- 6 || total
---------------------------+-------+-------++-------
  Melee: Flail             |    98 |   292 ||   390
  Throw: Dart              |       |     1 ||     1
 Armour: Scale mail        |    63 |    16 ||    79
         Plate armour      |       |   206 ||   206
         Skin              |       |     3 ||     3
  Dodge: Dodged            |    64 |   116 ||   180
  Block: Buckler           |    29 |    81 ||   110

Table legend: (Time is in decaauts)
 A = Elapsed time spent in this place.
 B = Non-inter-level travel time spent in this place.
 C = Inter-level travel time spent in this place.
 D = Time resting spent in this place.
 E = Time spent auto-exploring this place.
 F = Levels seen in this place.
 G = Mean time per level.
                   A        B        C        D        E       F      G
               +--------+--------+--------+--------+--------+-----+--------+
         Total |   3059 |   2977 |     82 |    295 |   1754 |   4 |  764.8 |
       Dungeon |   3059 |   2977 |     82 |    295 |   1754 |   4 |  764.8 |
               +--------+--------+--------+--------+--------+-----+--------+

Top non-repeatable levels by time:
     D:1: 1059 daAuts
     D:2: 888 daAuts
     D:3: 787 daAuts
     D:4: 322 daAuts
